Map: World of Sleepers LE

Players

Mez

  • Race: Terran Terran
  • League: Master
  • Spawn Location: 7:00

Gialluca - Winner!

  • Race: Protoss Protoss
  • League: Master
  • Spawn Location: 1:00

VOD

Have the link to the VOD?

Description

Time

  • Played on: Aug. 21, 2019, 1:31 p.m.
  • Length: 9:03
Show
View Real Time Build Order
Export as new Build Order

Mez Terran 

Build Orders: Reaper Expand 

Get SALT Encoding   

  12  0:01  SCV  
  13  0:13  SCV  
  14  0:17  Supply Depot  
  14  0:25  SCV  
  15  0:38  SCV  
  15  0:41  Barracks  
  16  0:45  Refinery  
  16  0:51  SCV  
  17  1:03  SCV  
  18  1:15  SCV  
  19  1:29  Orbital Command, Reaper  
  20  1:41  Command Center  
  20  1:50  Bunker  
  20  1:54  Supply Depot  
  20  1:59  SCV  
  21  2:05  Marine  
  22  2:11  SCV  
  23  2:23  Barracks Reactor, SCV  
  24  2:40  Command Center  
  24  2:42  SCV  
  25  2:44  Factory  
  25  2:54  SCV  
  25  2:55  Orbital Command  
  26  3:01  Refinery  
  26  3:04  Marine  
  26  3:05  Marine  
  28  3:09  SCV  
  29  3:21  SCV  
  29  3:23  SCV  
  29  3:25  Marine x2  
  33  3:30  Widow Mine  
  33  3:32  Starport  
  33  3:33  SCV  
  36  3:35  SCV  
  37  3:44  Marine x2  
  37  3:45  SCV  
  37  3:48  SCV  
  41  3:50  Refinery  
  41  3:51  Factory Tech Lab  
  41  3:54  Orbital Command  
  41  3:57  SCV  
  41  4:00  SCV  
  41  4:02  Marine  
  44  4:09  Starport Tech Lab, SCV  
  45  4:11  Siege Tank  
  45  4:12  SCV  
  49  4:19  Marine x2  
  49  4:21  SCV  
  52  4:24  SCV  
  53  4:31  SCV  
  53  4:33  SCV  
  53  4:34  Barracks  
  53  4:36  SCV  
  56  4:39  Raven, Barracks  
  56  4:43  SCV  
  56  4:44  Marine x2  
  61  4:46  Refinery  
  61  4:55  SCV  
  61  5:03  Supply Depot  
  61  5:05  Supply Depot  
  61  5:18  Engineering Bay  
  61  5:19  Engineering Bay  
  61  5:24  Siege Tank, Marine x2, SCV x3  
  67  5:33  Starport Reactor  
  67  5:36  SCV  
  67  5:38  Barracks Tech Lab  
  67  5:39  Stimpack  
  67  5:41  Marauder  
  70  5:43  SCV  
  70  5:44  SCV  
  60  6:05  SCV x3  
  60  6:08  Supply Depot  
  60  6:09  Supply Depot, Terran Infantry Armor Level 1, Terran Infantry Weapons Level 1  
  63  6:17  SCV  
  63  6:18  Marauder x2, Marine x2  
  68  6:19  Combat Shield  
  68  6:21  Siege Tank  
  68  6:22  Medivac  
  68  6:23  SCV x2  
  77  6:29  Barracks  
  77  6:30  SCV  
  77  6:31  Barracks  
  78  6:35  SCV  
  74  6:44  Marauder x2, Marine x2  
  74  6:53  SCV x2  
  74  6:55  Siege Tank  
  76  7:02  Marine  
  76  7:07  SCV  
  78  7:28  Supply Depot x2  
  78  7:29  Supply Depot  
  78  7:32  Supply Depot  
  78  7:34  Barracks Reactor  
  78  7:35  SCV  
  78  7:36  SCV  
  78  7:37  Medivac  
  78  7:40  Marauder  
  78  7:41  Medivac  
  77  7:46  Marine  
  77  7:49  Barracks Tech Lab, Marauder, Marine  
  80  8:01  Marine  
  80  8:04  Marine  
  82  8:06  Marine  
  82  8:11  Marauder, SCV x2  
  87  8:19  Marauder  
  81  8:22  Marine  
  81  8:23  SCV x2  
  81  8:24  Marine x2  
  81  8:25  Marauder, Marine  
  87  8:32  Marauder  
  87  8:35  SCV x2  
  87  8:39  Marine  
  87  8:40  Marine  
  92  8:47  SCV  
  92  8:48  SCV  
Show
View Real Time Build Order
Export as new Build Order

Gialluca Protoss - Winner!

Build Orders: 1 Gate Expand, Blink Stalkers 

Get SALT Encoding   

  12  0:01  Probe  
  13  0:13  Probe  
  14  0:18  Pylon  
  14  0:25  Probe  
  15  0:33  Probe  
  15  0:37  Gateway  
  15  0:42  Probe  
  16  0:43  Assimilator  
  17  0:52  Probe  
  18  1:04  Probe  
  19  1:19  Probe  
  20  1:25  Cybernetics Core  
  20  1:33  Probe  
  20  1:37  Nexus  
  21  1:44  Pylon  
  21  1:48  Probe  
  22  1:54  Assimilator  
  22  1:59  Stalker  
  22  2:00  Probe  
  23  2:06  Warp Gate  
  25  2:12  Probe  
  26  2:23  Stalker  
  26  2:24  Probe  
  29  2:39  Probe  
  30  2:46  Twilight Council  
  30  2:51  Probe  
  31  2:57  Probe  
  32  2:59  Probe  
  32  3:01  Stalker  
  32  3:04  Blink  
  35  3:07  Probe, Robotics Facility  
  35  3:09  Probe  
  37  3:16  Probe  
  38  3:21  Probe  
  38  3:24  Probe  
  39  3:30  Pylon  
  39  3:31  Gateway  
  40  3:35  Probe  
  40  3:37  Gateway  
  40  3:41  Probe  
  42  3:47  Probe  
  43  3:53  Probe  
  44  3:59  Probe  
  45  4:05  Probe  
  46  4:11  Probe  
  47  4:17  Probe  
  47  4:21  Pylon  
  47  4:23  Observer, Forge, Probe  
  50  4:26  Gateway  
  50  4:28  Assimilator  
  50  4:29  Probe  
  50  4:30  Assimilator  
  51  4:33  Pylon  
  51  4:37  Pylon  
  51  4:38  Probe  
  52  4:40  Pylon  
  52  4:43  Stalker  
  52  4:44  Stalker x2  
  58  4:48  Warp Prism, Protoss Ground Weapons Level 1  
  60  4:55  Probe  
  61  5:00  Probe  
  61  5:05  Probe  
  61  5:06  Stalker  
  64  5:07  Stalker x2  
  64  5:12  Pylon, Probe  
  70  5:14  Observer  
  70  5:27  Probe  
  70  5:28  Charge  
  71  5:29  Immortal  
  75  5:37  Probe  
  75  5:41  Probe  
  77  5:49  Probe  
  73  6:06  Stalker x2  
  73  6:07  Stalker x2  
  73  6:09  Probe  
  77  6:14  Probe  
  77  6:17  Probe  
  79  6:20  Gateway  
  79  6:21  Gateway  
  80  6:26  Probe  
  80  6:32  Stalker x3  
  83  6:33  Stalker  
  83  6:54  Probe x2  
  85  7:02  Probe  
  85  7:06  Probe  
  87  7:10  Probe  
  87  7:11  Zealot x2  
  87  7:12  Zealot  
  94  7:15  Pylon  
  94  7:17  Pylon  
  94  7:18  Pylon  
  94  7:19  Gateway  
  94  7:22  Gateway, Nexus  
  94  7:25  Gateway  
  94  7:28  Pylon  
  94  7:33  Probe x2  
  94  7:45  Probe x2  
  94  7:52  Zealot x6  
  94  7:56  Assimilator  
  94  7:58  Pylon, Probe x2  
  108  8:01  Templar Archives, Forge, Assimilator  
  108  8:10  Probe x2  
  110  8:22  Zealot x6, Probe  
  110  8:23  Zealot  
  123  8:29  Pylon  
  123  8:32  Pylon  
  123  8:43  Probe  
  123  8:44  Stalker x2  
  123  8:45  Stalker x2  
  123  8:46  Stalker  
Tags
 
Add a new tag
Caveats
  • Supply blocks, unpowered buildings, or Contaminate may cause inaccurate times.
  • Supply counts are checked every 10 seconds.